 Dungeon Crawl Stone Soup version 0.25-a0-289-g406d6369f5 (webtiles) character file.

Game seed: 5793222425567033247, levelgen mode: deterministic

30 Anathary the Skirmisher (level 3, 0/30 HPs)
             Began as a Demonspawn Abyssal Knight on Dec 12, 2019.
             Was a Follower of Lugonu.
             Succumbed to an adder's poison
             ... on level 2 of the Dungeon.
             The game lasted 00:05:40 (1507 turns).

Anathary the Skirmisher (Demonspawn Abyssal Knight) Turns: 1507, Time: 00:05:40

Health: 0/30       AC:  3    Str: 13    XL:     3   Next: 3%
Magic:  0/4        EV: 11    Int: 13    God:    Lugonu [*.....]
Gold:   61         SH:  0    Dex: 12    Spells: 2/2 levels left

rFire    . . .     SeeInvis .   a - +1 spear
rCold    . . .     Gourm    .   (no shield)
rNeg     . . .     Faith    .   b - +0 leather armour
rPois    .         Spirit   +   (no helmet)
rElec    .         Reflect  .   (no cloak)
rCorr    .         Harm     .   (no gloves)
MR       .....                  (no boots)
Stlth    +.........             (no amulet)
HPRegen  0.10/turn              (no ring)
MPRegen  0.09/turn              (no ring)

@: lethally poisoned (0 -> -5)
A: magic shield
a: Depart the Abyss, Renounce Religion


You were on level 2 of the Dungeon.
You worshipped Lugonu.
Lugonu was aware of your devotion.
You were not hungry.

You visited 1 branch of the dungeon, and saw 2 of its levels.
You visited the Abyss 1 time.

You collected 61 gold pieces.

Inventory:

Hand Weapons
 a - a +1 spear (weapon)
Armour
 b - a +0 leather armour (worn)
Jewellery
 m - an uncursed ring of resist corrosion {unknown}
Scrolls
 e - a scroll of blinking {unknown}
 f - 5 scrolls of teleportation {unknown}
 k - a scroll of remove curse {unknown}
 l - a scroll of identify {unknown}
Potions
 d - a potion of heal wounds {unknown}
 g - 2 potions of resistance {unknown}
 h - 2 potions of degeneration {unknown}
 i - a potion of agility {unknown}
 j - a potion of flight {unknown}
Comestibles
 c - a ration


   Skills:
 + Level 3.9 Fighting
 * Level 2.1 Polearms
 + Level 1.9 Armour
 + Level 0.8 Dodging
 + Level 2.4 Invocations


You had 2 spell levels left.
You didn't know any spells.
Your spell library was empty.

Dungeon Overview and Level Annotations

Branches:
Dungeon (2/15)

Altars:
Okawaru


Innate Abilities, Weirdness & Mutations

When hurt, damage is shared between your health and your magic reserves.


Message History

The adder is severely wounded.
The jackal barely misses you. The jackal closely misses you.
The jackal bites you.
* * * LOW HITPOINT WARNING * * *
The adder closely misses you.
You closely miss the adder.
The adder is severely wounded.
* * * LOW HITPOINT WARNING * * *
You feel sick. The jackal barely misses you. The jackal closely misses you.
The adder bites you.
* * * LOW HITPOINT WARNING * * *
You closely miss the adder.
The adder is severely wounded.
The jackal bites you. The jackal misses you. The adder closely misses you.
The jackal barely misses you. The jackal closely misses you.
Unknown command.
Unknown command.
You closely miss the adder.
The adder is severely wounded.
You die...

#..# #..# ..# ... #.
#.#### . ..# #hh..
.#.#.# #Sh# #.##.# #@h#
########.##.## #..#
.....(.#.....###..#
##................##
#.##..)###............
##.#.....#.....#.#####.
...#.)...........#
..##......[.....##
#.###.....>......#


You could see an adder and 4 jackals.

Vanquished Creatures
  A worm (D:2)
  2 dart slugs (D:1)
  2 leopard geckos (D:1)
  2 bats (D:1)
  A giant cockroach (D:1)
  2 hobgoblins (D:1)
  A ball python (D:1)
  A frilled lizard (D:1)
  4 goblins
  3 kobolds (D:1)
  2 rats
21 creatures vanquished.

Notes
Turn   | Place    | Note
-------+----------+-------------------------------------------
     0 | Abyss:1  | Anathary the Demonspawn Abyssal Knight began the quest for
                  | the Orb.
     0 | Abyss:1  | Reached XP level 1. HP: 18/18 MP: 2/2
    70 | D:1      | Escaped the Abyss
   270 | D:1      | Gained mutation: When hurt, damage is shared between your
                  | health and your magic reserves. [demonic ancestry]
   270 | D:1      | Reached XP level 2. HP: 21/24 MP: 3/3
   972 | D:2      | Found an iron altar of Okawaru.
  1366 | D:2      | Reached XP level 3. HP: 24/30 MP: 0/4
  1505 | D:2      | HP: 1/30 [adder (2)]
  1507 | D:2      | Succumbed to an adder's poison

Levels and vault maps discovered:
D:1:      minmay_arrival_loop, layout_loops_cross
D:2:      layout_loops_ring, nicolae_overflow_hidden_temple

Skill      XL: |  1  2 |
---------------+-------+-----
Polearms       | 2 |  2.1
Fighting       | |  3.9
Armour         | |  1.9
Dodging        | |  0.8
Invocations    | |  2.4

Action                   || total
-------------------------++-------
Melee: Spear             ||    82
  Eat: Ration            ||     1
Armor: Leather armour    ||    23
Dodge: Dodged            ||    52

Table legend:
 A = Non-vault XP
 B = Vault XP
 C = Vault XP percentage of total XP
 D = Non-vault monster count
 E = Vault monster count
 F = Vault count percentage of total count
                 A         B        C        D         E       F
            +---------+---------+-------+---------+---------+-------
      Total |      43 |       0 |   0.0 |      21 |       0 |   0.0
            +---------+---------+-------+---------+---------+-------
        D:1 |      31 |       0 |   0.0 |      16 |       0 |   0.0
        D:2 |      12 |       0 |   0.0 |       5 |       0 |   0.0
            +---------+---------+-------+---------+---------+-------
